 Dungeon Crawl Stone Soup version 0.29.0-4-gdea44cf6ec (webtiles) character file.

Game seed: 6133276587216292908

32 qw the Chopper (level 3, -3/21 HPs)
             Began as a Tengu Warper on Aug 29, 2022.
             Slain by Robin
             ... wielding a +0 club
              (5 damage)
             ... on level 2 of the Dungeon.
             The game lasted 00:00:08 (972 turns).

qw the Chopper (Tengu Warper)                        Turns: 972, Time: 00:00:08

Health: -3/21      AC:  4    Str: 13    XL:     3   Next: 25%
Magic:  7/7        EV: 12    Int: 13    God:
Gold:   10         SH:  0    Dex: 13    Spells: 6/6 levels left

rFire   . . .      SeeInvis .   Y - +1 hand axe
rCold   . . .      Faith    .   (no shield)
rNeg    . . .      Spirit   .   b - +0 leather armour
rPois   .          Reflect  .   (helmet restricted)
rElec   .          Harm     .   (no cloak)
rCorr   .          Rampage  .   f - +0 pair of gloves
Will    .....                   (boots unavailable)
Stlth   +.........              (no amulet)
HPRegen 0.07/turn               (no ring)
MPRegen 0.10/turn               (no ring)

@: no status effects
A: beak, talons 3
a: no special abilities


You were on level 2 of the Dungeon.
You visited 1 branch of the dungeon, and saw 2 of its levels.

You collected 10 gold pieces.


Innate Abilities, Weirdness & Mutations

You have a beak for a mouth.
You have claws for feet.


   Skills:
 - Level 2.0 Fighting
 + Level 4.0 Axes
 - Level 1.0 Throwing
 - Level 1.1 Armour
 - Level 2.1 Dodging
 - Level 2.0 Spellcasting
 - Level 2.4 Translocations


You had 6 spell levels left.
You didn't know any spells.
Your spell library contained the following spells:

 Spells                   Type           Power      Damage    Failure   Level
 Blink                    Tloc           14%        N/A       19%         2
 Gell's Gravitas          Tloc           7%         N/A       36%         3
 Lesser Beckoning         Tloc           7%         N/A       36%         3
 Teleport Other           Tloc           7%         N/A       36%         3
 Manifold Assault         Tloc           7%         N/A       98%         5

Inventory:

Hand Weapons
 h - a +0 club
 Y - a +1 hand axe (weapon)
Armour
 b - a +0 leather armour (worn)
 f - a +0 pair of gloves (worn)
Potions
 i - a potion of cancellation {unknown}
 k - a potion of flight {unknown}

Dungeon Overview and Level Annotations

Branches:
Dungeon (2/15)

Altars:

Annotations:
D:2 Robin


Message History

The frilled lizard barely misses you.
You hit the frilled lizard.
You kill the frilled lizard!
Robin, a hobgoblin and 4 goblins come into view.
Robin is wielding a +0 club and carrying a wand of quicksilver (4).
The goblin shouts!
Robin shouts!
Robin roars a battlecry!
The goblins go into a battle-frenzy!
The goblin shouts!
958 ||| Stepping ~*~*~tactically~*~*~ (hiding).
You start waiting.
A hobgoblin is nearby!
961 ||| Stepping ~*~*~tactically~*~*~ (stealth).
962 ||| Stepping ~*~*~tactically~*~*~ (stealth).
You barely miss the hobgoblin. You claw the hobgoblin.
The hobgoblin is severely wounded.
The hobgoblin hits you but does no damage.
The hobgoblin hits you.
The goblin shouts!
You hit the hobgoblin.
You kill the hobgoblin!
You hit the goblin.
The goblin is severely wounded.
The goblin closely misses you.
You hit the goblin but do no damage. Your kick misses the goblin.
The goblin is severely wounded.
The goblin hits you with a +0 club.
You barely miss the goblin. Your kick misses the goblin.
The goblin is severely wounded.
The goblin barely misses you.
You hit the goblin.
You kill the goblin!
Robin zaps a wand.
The bolt of dispelling energy hits you!
Your Axes skill increases to level 4!
The goblin barely misses you. Robin hits you but does no damage.
Things that are here:
a +0 club; a goblin corpse You hit Robin but do no damage.
Your kick misses Robin. You hit the goblin. The goblin barely misses you.
Robin hits you with a +0 club.
You die...

... #.# #.# #..
###.## ....# #..#
######<.#########
......%.g@........
########g#########


#g.gggggg ######### You could see Robin and 2 goblins.

Vanquished Creatures
  2 ball pythons (D:1)
  2 endoplasms (D:1)
  2 giant cockroaches (D:1)
  5 goblins
  4 hobgoblins
  4 bats (D:1)
  2 frilled lizards
  4 kobolds (D:1)
  2 rats (D:1)
27 creatures vanquished.

Notes
Turn   | Place    | Note
-------+----------+-------------------------------------------
     0 | D:1      | qw the Tengu Warper began the quest for the Orb.
     0 | D:1      | Reached XP level 1. HP: 12/12 MP: 4/4
     0 | D:1      | 0 ||| qw: Version: 0.1-a-89-g26bdef1
     0 | D:1      | 0 ||| qw: Game counter: 3485
     0 | D:1      | 0 ||| qw: Always use a shield: true
     0 | D:1      | 0 ||| qw: God list: Okawaru
     0 | D:1      | 0 ||| qw: Allow faded altars: false
     0 | D:1      | 0 ||| qw: Do Orc after D:15 true
     0 | D:1      | 0 ||| qw: Do second Lair branch before Depths: true
     0 | D:1      | 0 ||| qw: Lair rune preference: random
     0 | D:1      | 0 ||| qw: Plans: Normal
     0 | D:1      | 0 ||| PLANNING D:1-11
   137 | D:1      | Reached skill level 3 in Axes
   137 | D:1      | Reached XP level 2. HP: 16/17 MP: 6/6
   138 | D:1      | 138 ||| Stepping ~*~*~tactically~*~*~ (stealth).
   148 | D:1      | 148 ||| Stepping ~*~*~tactically~*~*~ (stealth).
   167 | D:1      | 167 ||| Stepping ~*~*~tactically~*~*~ (stealth).
   192 | D:1      | 192 ||| Stepping ~*~*~tactically~*~*~ (stealth).
   373 | D:1      | 373 ||| Stepping ~*~*~tactically~*~*~ (stealth).
   375 | D:1      | 375 ||| Stepping ~*~*~tactically~*~*~ (stealth).
   651 | D:1      | Reached XP level 3. HP: 21/21 MP: 7/7
   899 | D:1      | 899 ||| UPGRADING to +0 pair of gloves.
   904 | D:1      | 904 ||| READING 2 scrolls labelled NUOHOA VETHAQO.
   905 | D:1      | 905 ||| READING scroll labelled WIHAADOQ GUADUILA.
   906 | D:1      | 906 ||| READING scroll labelled HOIFEA LESE.
   907 | D:1      | 907 ||| READING scroll labelled CAAGRA UPRAPH.
   911 | D:1      | 911 ||| DROPPING scroll of fear.
   912 | D:1      | 912 ||| DROPPING scroll of blinking.
   944 | D:2      | 944 ||| STAIRDANCE
   957 | D:2      | Noticed Robin
   958 | D:2      | 958 ||| Stepping ~*~*~tactically~*~*~ (hiding).
   961 | D:2      | 961 ||| Stepping ~*~*~tactically~*~*~ (stealth).
   962 | D:2      | 962 ||| Stepping ~*~*~tactically~*~*~ (stealth).
   970 | D:2      | HP: 2/21 [Robin/bolt of dispelling energy (10)]
   971 | D:2      | Reached skill level 4 in Axes
   972 | D:2      | Slain by Robin

Levels and vault maps discovered:
D:1:      minmay_arrival_floating_metal, layout_basic, minmay_misc_feat_tower,
          minmay_misc_feat_plants
D:2:      layout_loops_ring, uniq_sigmund, uniq_robin

Skill      XL: |  1  2  3 |
---------------+----------+-----
Axes           | 3 4 |  4.0
Fighting       | |  2.0
Throwing       | |  1.0
Armour         | |  1.1
Dodging        | |  2.1
Spellcasting   | |  2.0
Translocations | |  2.4

Action                   || total
-------------------------++-------
Melee: Hand axe          ||    60
       Kick              ||    11
       Peck              ||     5
Throw: Boomerang         ||     7
  Use: Scroll            ||     4
Armor: Leather armour    ||    16
Dodge: Dodged            ||    41

Table legend:
 A = Non-vault XP
 B = Vault XP
 C = Vault XP percentage of total XP
 D = Non-vault monster count
 E = Vault monster count
 F = Vault count percentage of total count
                 A         B        C        D         E       F
            +---------+---------+-------+---------+---------+-------
      Total |      40 |       6 |  13.0 |      24 |       3 |  11.1
            +---------+---------+-------+---------+---------+-------
        D:1 |      39 |       2 |   4.9 |      23 |       1 |   4.2
        D:2 |       1 |       4 |  80.0 |       1 |       2 |  66.7
            +---------+---------+-------+---------+---------+-------
